AoeStats
← Fedequemero73

Hill Fort

507015285Analyzed
3v3 RM · 16d ago on Sep 16, 2026· 59m 7s· 6 players
Game mode
Random Map
Map size
Normal (6 player)
Population
200
Speed
Normal
Resources
Standard
Victory
Conquest
Starting age
Dark Age
Ending age
Imperial Age
RankedLock teamsTeams togetherTeam positionsShared explorationLock speedFull tech treeHidden civsTurbo modeCheats
Victory
Defeat
🇩🇪 Celts · Germany
814
+13
🇩🇪 Vietnamese · Germany
733
+16
🇹🇷 Britons · Türkiye
716
+17
🇺🇸 Khmer · United States
795
-18
🇳🇱 Hindustanis · Netherlands
784
-17
🇪🇸 Britons · Spain
619
-11
Official-Spyro
4:24 Loom
12:58 Feudal Age
13:23 Horse Collar
16:43 Fletching
17:22 Padded Archer Armor
18:40 Double-Bit Axe
19:52 Wheelbarrow
19:03 Town Watch
24:14 Castle Age
24:34 Crossbowman
25:26 Bodkin Arrow
26:47 Leather Archer Armor
29:59 Thumb Ring
32:11 Ballistics
31:47 Murder Holes
31:53 Treadmill Crane
32:24 Fortified Wall
32:53 Heavy Plow
33:27 Bow Saw
37:57 Imperial Age
38:03 Elite Rattan Archer
40:02 Bracer
40:47 Ring Archer Armor
41:41 Chemistry
42:16 Forging
42:11 Scale Barding Armor
44:08 Guard Tower
45:53 Iron Casting
45:39 Chain Barding Armor
45:59 Arrowslits
46:56 Paper Money
47:16 Siege Engineers
49:49 Hand Cart
51:06 Plate Barding Armor
50:32 Scale Mail Armor
50:37 Squires
50:22 Arson
51:49 Elite Battle Elephant
52:39 Chatras
55:59 Bloodlines
55:49 Husbandry
57:23 Hoardings
57:07 Chain Mail Armor
halil_guvenc
0:41 Loom
12:21 Feudal Age
14:32 Wheelbarrow
15:36 Double-Bit Axe
19:11 Forging
19:07 Scale Barding Armor
19:09 Horse Collar
25:55 Castle Age
24:50 Scale Mail Armor
27:37 Pikeman
32:22 Iron Casting
32:02 Chain Mail Armor
35:09 Bow Saw
35:56 Heavy Plow
39:23 Husbandry
46:36 Imperial Age
45:54 Fletching
47:27 Cavalier
50:02 Blast Furnace
51:59 Chain Barding Armor
54:16 Onager
BOZO
0:30 Loom
11:03 Feudal Age
11:54 Double-Bit Axe
14:54 Horse Collar
22:39 Castle Age
22:16 Wheelbarrow
21:30 Town Watch
21:56 Stone Mining
22:10 Gold Mining
22:44 Pikeman
23:39 Forging
24:04 Squires
25:32 Bow Saw
25:38 Fletching
25:49 Padded Archer Armor
27:06 Bodkin Arrow
30:06 Leather Archer Armor
29:53 Treadmill Crane
34:19 Iron Casting
33:50 Scale Barding Armor
34:42 Yeomen
35:05 Gold Shaft Mining
35:26 Husbandry
39:10 Imperial Age
38:22 Chain Barding Armor
40:16 Conscription
39:33 Halberdier
42:17 Ballistics
42:58 Chemistry
42:39 Town Patrol
44:36 Hand Cart
45:22 Elite Longbowman
46:28 Heavy Plow
47:32 Two-Man Saw
48:15 Hoardings
49:31 Bracer
50:02 Ring Archer Armor
50:32 Blast Furnace
49:33 Scale Mail Armor
50:08 Plate Barding Armor
49:38 Caravan
51:11 Masonry
53:34 Guilds
53:55 Coinage
54:30 Chain Mail Armor
54:25 Siege Engineers
54:50 Architecture
56:50 Warwolf
56:21 Sappers
59:11 Banking
Fedequemero73
0:42 Loom
12:29 Feudal Age
13:27 Double-Bit Axe
22:51 Wheelbarrow
24:58 Castle Age
22:44 Town Watch
24:04 Horse Collar
24:16 Fletching
24:26 Padded Archer Armor
24:38 Forging
24:29 Scale Mail Armor
25:58 Elite Skirmisher
29:35 Hand Cart
29:05 Town Watch
29:26 Bodkin Arrow
35:43 Leather Archer Armor
38:00 Town Patrol
41:24 Bow Saw
44:31 Ballistics
44:21 Fortified Wall
48:46 Imperial Age
51:59 Conscription
52:08 Yeomen
54:26 Chemistry
53:29 Bracer
54:00 Ring Archer Armor
53:37 Pikeman
54:18 Squires
54:03 Arson
54:04 Gambesons
55:44 Halberdier
57:24 Hoardings
nel
7:23 Loom
10:00 Feudal Age
10:27 Double-Bit Axe
10:25 Horse Collar
19:31 Castle Age
18:13 Stone Mining
18:17 Gold Mining
20:28 Bow Saw
20:19 Heavy Plow
21:01 Husbandry
22:55 Forging
24:18 Gold Shaft Mining
25:34 Iron Casting
25:44 Scale Barding Armor
29:38 Chain Barding Armor
30:52 Wheelbarrow
31:57 Hand Cart
33:05 Town Watch
38:38 Imperial Age
36:59 Padded Archer Armor
38:01 Bloodlines
37:43 Elite Skirmisher
38:42 Heavy Camel Rider
40:27 Two-Man Saw
40:29 Imperial Camel Rider
42:37 Caravan
43:05 Fletching
43:31 Leather Archer Armor
43:58 Bodkin Arrow
45:59 Ring Archer Armor
45:46 Bracer
45:50 Crossbowman
49:03 Plate Barding Armor
paperb0iiiiii
9:20 Feudal Age
10:22 Double-Bit Axe
11:00 Horse Collar
18:43 Bloodlines
24:13 Gold Mining
27:32 Castle Age
26:58 Forging
26:55 Scale Barding Armor
28:55 Iron Casting
27:44 Light Cavalry
28:25 Husbandry
29:47 Fletching
29:58 Padded Archer Armor
31:25 Heavy Plow
32:20 Elite Skirmisher
33:59 Bodkin Arrow
34:20 Leather Archer Armor
39:57 Chain Barding Armor
43:50 Imperial Age
45:56 Bracer
46:27 Ring Archer Armor
46:59 Blast Furnace
46:10 Stone Mining
46:41 Bow Saw
50:47 Chemistry
50:07 Ballistics
49:54 Siege Engineers
49:59 Masonry
50:36 Hussar
52:08 Plate Barding Armor
52:35 Conscription
52:51 Hoardings
Connection lost

Rejoining the realm…

Still unreachable

The connection could not be restored.

Session expired

The server has moved on; the page needs a fresh start.